 Dungeon Crawl Stone Soup version 0.31-a0-188-g5e087ee2ca (webtiles) character file.

Game seed: 6881057277220095529

112 qw the Skirmisher (level 4, -1/25 HPs)
             Began as a Deep Elf Hunter on June 23, 2023.
             Slain by a gnoll
             ... wielding a +0 halberd
              (4 damage)
             ... on level 3 of the Dungeon.
             The game lasted 00:00:45 (1770 turns).

qw the Skirmisher (Deep Elf Hunter)                 Turns: 1770, Time: 00:00:45

Health: -1/25      AC:  8    Str: 10    XL:     4   Next: 63%
Magic:  6/6        EV: 11    Int: 14    God:
Gold:   73         SH:  0    Dex: 18    Spells: 3/3 levels left

rFire   . . .        Y - +0 shortbow
rCold   . . .        (shield currently unavailable)
rNeg    . . .        d - +0 ring mail
rPois   .            (no helmet)
rElec   .            (no cloak)
rCorr   .            a - +2 pair of gloves
SInv    .            (no boots)
Will    .....        (no amulet)
Stlth   +            (no ring)
HPRegen 0.24/turn    (no ring)
MPRegen 0.10/turn

%: no passive effects
@: no status effects
A: no striking features
a: no special abilities


You were on level 3 of the Dungeon.
You visited 1 branch of the dungeon, and saw 3 of its levels.

You collected 73 gold pieces.


   Skills:
 - Level 1.5 Fighting
 + Level 8.1 Ranged Weapons
 - Level 2.4 Dodging
 - Level 1.2 Stealth


You had 3 spell levels left.
You didn't know any spells.
Your spell library was empty.

Inventory:

Hand Weapons
 Y - a +0 shortbow (weapon)
Armour
 a - a +2 pair of gloves (worn)
 d - a +0 ring mail (worn)
Scrolls
 e - a scroll of enchant armour {unknown}
Potions
 b - a potion of heal wounds {unknown}
 c - a potion of resistance {unknown}
 g - a potion of curing {unknown}
 j - a potion of might {unknown}
 k - a potion of degeneration {unknown}

Dungeon Overview and Level Annotations

Branches:
Dungeon (3/15)

Altars:
Ru


Message History

You feel sick.
You are no longer poisoned.
HP restored.
Found a falchion.
Enter note: You see here a +0 falchion.
There is a stone staircase leading up here.
You see here a quokka skeleton. 3 gnolls come into view.
The gnoll shouts! x2; You hear a shout!
Enter note: You shoot an arrow.
The arrow hits the gnoll.
The gnoll is lightly wounded.
A gnoll comes into view. It is wielding a +0 halberd.
You shoot an arrow. The arrow hits the gnoll!
The gnoll is severely wounded.
You shoot an arrow. The arrow hits the gnoll.
You kill the gnoll!
Your Ranged Weapons skill increases to level 8!
1764 ||| Stepping ~*~*~tactically~*~*~ (outnumbered).
Enter note: You shoot an arrow.
The arrow barely misses the gnoll.
The arrow hits the gnoll!
The gnoll is severely wounded.
The gnoll barely misses you.
You shoot an arrow. The arrow hits the gnoll.
The gnoll is lightly wounded.
The gnoll hits you with a +0 halberd!
You shoot an arrow. The arrow hits the gnoll.
The gnoll is almost dead.
The gnoll hits you with a +0 halberd!
The gnoll hits you but does no damage. x2
The gnoll closely misses you.
You shoot an arrow. The arrow closely misses the gnoll.
The gnoll closely misses you. The gnoll hits you with a +0 whip.
You shoot an arrow. The arrow hits the gnoll.
The gnoll is almost dead.
The gnoll closely misses you. x2
You shoot an arrow. The arrow hits the gnoll.
You kill the gnoll!
The gnoll hits you with a +0 halberd.
You die...

...# ##...#### ..#
##.## ##..# #.# #...#
#.# #.#.# #####.#
##.#.# #.....## #..#.#
#.###..## #g).#####.#
#...###
...g.#@#..%<..###......
##. #.#...##.......###
#.#.....##%##.##
#...###...#.####
..#.#...#.....#
#.#...###...##
#.#...#..#...#
...###...#.#.# ...
.....#.g.#####


You could see a gnoll.

Vanquished Creatures
  An orc priest (D:3)
  2 gnolls (D:3)
  2 adders
  A dart slug (D:2)
  3 orcs (D:3)
  5 ball pythons
  2 endoplasms (D:1)
  4 giant cockroaches
  5 goblins
  4 hobgoblins
  3 quokkas
  8 bats
  3 frilled lizards
  3 kobolds
  5 rats
51 creatures vanquished.

Notes
Turn   | Place    | Note
-------+----------+-------------------------------------------
     0 | D:1      | qw the Deep Elf Hunter began the quest for the Orb.
     0 | D:1      | Reached XP level 1. HP: 12/12 MP: 3/3
     0 | D:1      | 0 ||| qw: Version: 0.3-a-9-g12657ce
     0 | D:1      | 0 ||| qw: Game counter: 3806
     0 | D:1      | 0 ||| qw: Always use a shield: true
     0 | D:1      | 0 ||| qw: God list: Okawaru
     0 | D:1      | 0 ||| qw: Allow faded altars: false
     0 | D:1      | 0 ||| qw: Do Orc after D:15 true
     0 | D:1      | 0 ||| qw: Do second Lair branch before Depths: true
     0 | D:1      | 0 ||| qw: Lair rune preference: random
     0 | D:1      | 0 ||| qw: Plans: Normal
     0 | D:1      | 0 ||| PLANNING D:1-11
   115 | D:1      | Reached skill level 6 in Ranged Weapons
   115 | D:1      | Reached XP level 2. HP: 16/16 MP: 4/4
   193 | D:1      | Found a faded altar of an unknown god.
   469 | D:1      | 469 ||| UPGRADING to +0 ring mail.
   479 | D:1      | 479 ||| DROPPING +0 leather armour.
   480 | D:1      | 480 ||| READING scroll labelled GIALOTHITZE.
   481 | D:1      | 481 ||| READING scroll labelled PIFUMM FAJIXIM.
   482 | D:1      | 482 ||| READING scroll labelled DYNTUW EWKUDD.
   486 | D:1      | 486 ||| READING scroll labelled NUTOHO ONEWKEKH.
   487 | D:1      | 487 ||| DROPPING scroll of butterflies.
   623 | D:2      | Reached XP level 3. HP: 20/20 MP: 5/5
   778 | D:2      | 778 ||| FLEEEEING.
   779 | D:2      | 779 ||| FLEEEEING.
   780 | D:2      | 780 ||| FLEEEEING.
   781 | D:2      | 781 ||| FLEEEEING.
  1163 | D:2      | Reached skill level 7 in Ranged Weapons
  1379 | D:2      | 1379 ||| READING scroll labelled NOBLACS SOTAME.
  1462 | D:3      | Found a sacrificial altar of Ru.
  1470 | D:3      | HP: 3/20 [orc priest/nerve-wracking pain (8)]
  1471 | D:3      | HP: 1/20 [orc priest/+0 whip (2)]
  1476 | D:3      | Reached XP level 4. HP: 2/25 MP: 6/6
  1518 | D:3      | 1518 ||| FLEEEEING.
  1523 | D:3      | 1523 ||| FLEEEEING.
  1524 | D:3      | 1524 ||| FLEEEEING.
  1532 | D:3      | 1532 ||| FLEEEEING.
  1536 | D:3      | 1536 ||| FLEEEEING.
  1537 | D:3      | 1537 ||| FLEEEEING.
  1538 | D:3      | 1538 ||| FLEEEEING.
  1539 | D:3      | 1539 ||| FLEEEEING.
  1540 | D:3      | 1540 ||| FLEEEEING.
  1547 | D:3      | 1547 ||| FLEEEEING.
  1548 | D:3      | 1548 ||| STAIRDANCE
  1569 | D:2      | 1569 ||| UPGRADING to +2 pair of gloves.
  1764 | D:3      | Reached skill level 8 in Ranged Weapons
  1764 | D:3      | 1764 ||| Stepping ~*~*~tactically~*~*~ (outnumbered).
  1767 | D:3      | HP: 5/25 [gnoll/+0 halberd (10)]
  1768 | D:3      | HP: 2/25 [gnoll/+0 whip (3)]
  1770 | D:3      | Slain by a gnoll

Levels and vault maps discovered:
D:1:      heliophobic_arrival_ceremonial_halls, layout_rooms,
          basic_ecumenical_altar
D:2:      minmay_alternating_diamond, layout_basic, minmay_tiny_reverse_x
D:3:      layout_loops_corners, old_standard_altar, chequers_decorated_corner,
          nicolae_titane

Skill      XL: |  1  2  3  4 |
---------------+-------------+-----
Ranged Weapons | 6 7 8 |  8.1
Fighting       | |  1.5
Dodging        | |  2.4
Stealth        | |  1.2

Action                     |  1- 3 |  4- 6 || total
---------------------------+-------+-------++-------
   Fire: Shortbow          |   134 |    26 ||   160
    Use: Scroll            |     5 |       ||     5
 Armour: Leather armour    |     1 |       ||     1
         Ring mail         |    15 |    10 ||    25
  Dodge: Dodged            |    47 |    13 ||    60

Table legend:
 A = Non-vault XP
 B = Vault XP
 C = Vault XP percentage of total XP
 D = Non-vault monster count
 E = Vault monster count
 F = Vault count percentage of total count
                 A         B        C        D         E       F
            +---------+---------+-------+---------+---------+-------
      Total |     156 |      18 |  10.3 |      46 |       5 |   9.8
            +---------+---------+-------+---------+---------+-------
        D:1 |      36 |       0 |   0.0 |      23 |       0 |   0.0
        D:2 |      20 |      18 |  47.4 |      10 |       5 |  33.3
        D:3 |     100 |       0 |   0.0 |      13 |       0 |   0.0
            +---------+---------+-------+---------+---------+-------
